 Dungeon Crawl Stone Soup version 0.17-a0-1674-g2b13139 (webtiles) character file.

3466 ololoev the Cruncher (level 9, -4/70 HPs)
             Began as a Purple Draconian Chaos Knight on Aug 18, 2015.
             Slain by an unseen horror (8 damage)
             ... on level 8 of the Dungeon.
             The game lasted 00:24:39 (7243 turns).

ololoev the Cruncher (DrCK)                         Turns: 7243, Time: 00:24:40

Health: -4/70      AC: 12    Str: 16    XL:     9   Next: 78%
Magic:  9/9        EV: 12    Int: 13    God:    Xom [......]
Gold:   250        SH:  0    Dex: 10    Spells: 0 memorised, 8 levels left

rFire  . . .     SeeInvis .     a - +4 quarterstaff (chaos)
rCold  . . .     Clarity  .     (armour unavailable)
rNeg   . . .     SustAt   +     (no shield)
rPois  .         Gourm    .     (helmet restricted)
rElec  .         Spirit   .     g - +1 cloak
rCorr  .         Warding  .     D - +1 pair of gloves
rMut   .         Stasis   .     c - +0 pair of boots
MR     ++...                    (no amulet)
Stlth  +.........               (no ring)
                                F - ring of sustain attributes

@: very resistant to hostile enchantments, very unstealthy
A: breathe power, unfitting armour, clumsy 1, magic resistance 1, cold-blooded,
AC +7
a: Breathe Dispelling Energy, Renounce Religion


Innate Abilities, Weirdness & Mutations

You can breathe bolts of dispelling energy.
Your rich purple scales are hard (AC +7).
Your body does not fit into most forms of armour.
You are cold-blooded and may be slowed by cold attacks.
You are clumsy. (Dex -2)
You are resistant to hostile enchantments.

Inventory:

Hand weapons
 a - a +4 quarterstaff of chaos (weapon)
Missiles
 e - a javelin (quivered)
 i - 10 poisoned needles
 v - 6 needles of sleeping
 y - 5 needles of paralysis
Armour
 c - a +0 pair of boots (worn)
 g - a +1 cloak (worn)
 D - a +1 pair of gloves (worn)
Jewellery
 F - a ring of sustain attributes (left hand)
Scrolls
 d - 3 scrolls of remove curse
 j - a scroll of random uselessness {unknown}
 p - a scroll of fear {unknown}
 r - 3 scrolls of amnesia {unknown}
 s - a scroll of noise {unknown}
 w - 2 scrolls of blinking {unknown}
 x - a scroll of magic mapping {unknown}
 z - a scroll of teleportation {unknown}
 B - 3 scrolls of enchant weapon
 E - a scroll of immolation
 G - a scroll of enchant armour {unknown}
Potions
 f - 2 potions of flight
 h - a potion of magic
 n - a potion of lignification {unknown}
 t - a potion of brilliance
 u - 3 potions of haste
 A - 2 potions of might
 C - a potion of agility {unknown}
Comestibles
 b - 5 bread rations
 m - a beef jerky
 o - 7 fruits
 q - a slice of pizza


   Skills:
 - Level 3.2 Fighting
   Level 6.8 Axes
 * Level 12.1 Staves
 - Level 1.1 Throwing
 - Level 2.1 Dodging


You had 8 spell levels left.
You didn't know any spells.


You were on level 8 of the Dungeon.
You worshipped Xom.
You were a very special plaything of Xom.
You were not hungry.

You visited 1 branch of the dungeon, and saw 8 of its levels.
You also visited: Ossuary.

You collected 367 gold pieces.
You spent 117 gold pieces at shops.

#..........#####.....#..
#........## #>.. .... #
#........## ##.# ###.##
#........###..# #..
##... #........# #..
#....####.##...# #.#
#.)##.####..## ##..
###†#{# ##...#####.##
##@## #.........## #.#
#..###.###.# ..##.##
#.#.#### #.##.# #.# .#
## ## ## ##

Notes
Turn   | Place    | Note
--------------------------------------------------------------
     0 | D:1      | ololoev the Draconian Chaos Knight began the quest for the Orb.
     0 | D:1      | Reached XP level 1. HP: 19/19 MP: 1/1
    41 | D:1      | XOM: harmless Conj miscast
   224 | D:1      | Reached XP level 2. HP: 23/26 MP: 2/2
   478 | D:1      | Reached skill level 4 in Axes
   484 | D:1      | XOM: harmless Fire miscast
   737 | D:2      | Reached XP level 3. HP: 31/31 MP: 3/3
   744 | D:2      | XOM: confuse monster(s)
   831 | D:2      | XOM: divination: magic mapping
   877 | D:2      | XOM: mild Pois miscast
   885 | D:2      | XOM: divination: magic mapping
   890 | D:2      | Reached XP level 4. HP: 17/38 MP: 4/4
   979 | D:2      | XOM: divination: magic mapping
  1095 | D:2      | Reached skill level 5 in Axes
  1193 | D:2      | Noticed Sigmund
  1195 | D:2      | XOM: potion effect (haste)
  1196 | D:2      | XOM: divination: detect items
  1202 | D:2      | Killed Sigmund
  1202 | D:2      | Reached skill level 6 in Axes
  1202 | D:2      | Reached XP level 5. HP: 35/45 MP: 5/5
  1506 | D:2      | Noticed Crazy Yiuf
  1524 | D:2      | XOM: smoke on damage
  1525 | D:2      | Killed Crazy Yiuf
  1525 | D:2      | Reached XP level 6. HP: 24/51 MP: 6/6
  1867 | D:3      | Reached skill level 1 in Staves
  2122 | D:3      | Found a shimmering altar of Xom.
  2154 | D:3      | XOM: scenery: create altars
  2300 | D:4      | XOM: mild Divn miscast
  2323 | D:4      | XOM: cast spell 'Dispersal'
  2329 | D:4      | XOM: enchant monster (good)
  2507 | D:4      | XOM: harmless Chrm miscast
  2590 | D:4      | Found a deep blue altar of Sif Muna.
  2611 | D:4      | XOM: divination: detect creatures
  2777 | D:4      | XOM: cast spell 'Summon Butterflies'
  2831 | D:5      | Entered Level 5 of the Dungeon
  2839 | D:5      | Noticed Edmund
  2849 | D:5      | XOM: summons 2 friendly demons
  2855 | D:5      | Reached skill level 1 in Throwing
  2855 | D:5      | Your scales start taking on a rich purple colour.
  2855 | D:5      | Reached XP level 7. HP: 40/57 MP: 7/7
  2866 | D:5      | Found Nugrui's Antique Armour Shop.
  2869 | D:5      | Bought a glowing cloak for 117 gold pieces
  2909 | D:5      | Found a sand-covered staircase.
  2915 | Ossuary  | Entered an ossuary
  2947 | Ossuary  | XOM: cast spell 'Beastly Appendage'
  3076 | Ossuary  | XOM: divination: magic mapping
  3099 | Ossuary  | XOM: noise
  3142 | Ossuary  | Reached skill level 5 in Staves
  3417 | Ossuary  | XOM: enchant monster (good)
  3435 | Ossuary  | XOM: noise
  3477 | D:5      | XOM: harmless Tloc miscast
  3621 | D:5      | XOM: medium Summ miscast
  3642 | D:5      | Noticed Grinder
  3644 | D:5      | XOM: mild Air miscast
  3650 | D:5      | XOM: fake destruction
  3663 | D:5      | XOM: polymorph Grinder -> Grinder
  3698 | D:4      | Reached XP level 8. HP: 51/63 MP: 8/8
  3885 | D:5      | Killed Edmund
  3885 | D:5      | Reached skill level 7 in Staves
  3928 | D:5      | XOM: butterfly on damage
  3947 | D:5      | XOM: chaos upgrade
  3950 | D:5      | XOM: torment (17/63 hp)
  4203 | D:5      | Reached skill level 8 in Staves
  4294 | D:5      | XOM: medium Fire miscast
  4299 | D:5      | Paralysed by Grinder for 7 turns
  4314 | D:5      | XOM: summons friendly shadow imp
  4327 | D:5      | Killed Grinder
  4327 | D:5      | Reached skill level 9 in Staves
  4350 | D:5      | XOM: vitrification
  4367 | D:5      | XOM: polymorph shadow imp -> quasit
  4578 | D:6      | Found a staircase to the Ecumenical Temple.
  4578 | D:6      | XOM: 8-stop teleportation journey
  4810 | D:6      | Reached XP level 9. HP: 51/70 MP: 9/9
  4826 | D:6      | XOM: potion effect (invisibility)
  4838 | D:6      | Reached skill level 10 in Staves
  4895 | D:6      | XOM: divination: magic mapping
  4924 | D:6      | Found Egoahyra's Food Boutique.
  5077 | D:6      | XOM: mild Chrm miscast
  5098 | D:6      | XOM: polymorph ice beast -> hog
  5102 | D:6      | XOM: blink monster(s)
  5383 | D:6      | XOM: mild Erth miscast
  5488 | D:7      | XOM: draining
  5602 | D:7      | You fall through a shaft!
  5602 | D:8      | Noticed Joseph
  5613 | D:8      | Killed Joseph
  5613 | D:8      | Reached skill level 11 in Staves
  5615 | D:8      | XOM: 9-stop teleportation journey
  5648 | D:8      | XOM: severe Necr miscast
  5649 | D:8      | Noticed a soul eater
  5653 | D:7      | XOM: give mutations
  5653 | D:7      | Gained mutation: You are clumsy. (Dex -2) [Xom's mischief]
  5653 | D:7      | Gained mutation: You are resistant to hostile enchantments. [Xom's mischief]
  6369 | D:7      | XOM: harmless Chrm miscast
  6429 | D:7      | XOM: mild Necr miscast
  6776 | D:7      | XOM: smoke on damage
  7011 | D:8      | XOM: summons 1 hostile demon
  7029 | D:8      | Reached skill level 12 in Staves
  7240 | D:8      | HP: 3/70 [something (10)]
  7243 | D:8      | Slain by an unseen horror

Dungeon Overview and Level Annotations

Branches:
Dungeon (8/15)             Temple (0/1) D:6
   Lair: D:8-11

Altars:
Sif Muna
Xom

Shops:
D:5 [   D:6 %


Message History

You hit something. You freeze something. Something hits you but does no damage.
You hit something. You freeze something. Something hits you but does no damage.
The centaur skeleton closely misses you.
You sock the centaur skeleton!
Space bends around the centaur skeleton.
The centaur skeleton hits you but does no damage.
You hit the centaur skeleton. You burn the centaur skeleton.
The centaur skeleton barely misses you.
You sock the centaur skeleton! You tail-slap the centaur skeleton.
You destroy the centaur skeleton!
Something completely misses you. Something hits you. x2
Something hits you but does no damage.
You see here a black bear corpse.
Something hits you!
You see here a giant club.
You hit something. Something hits you. Something hits you but does no damage.
You miss something.
Your tail-slap misses something.
Something hits you. Something hits you but does no damage.
You barely miss something. You tail-slap something. Something hits you.
Something hits you.
You see here a black bear corpse.
You hit something. Something hits you but does no damage.
Something hits you but does no damage.
You hit something. Something hits you. Something hits you!
Drink which item? (? for menu, Esc to quit)
You feel much better. Something hits you! Something completely misses you.
Something hits you.
You barely miss something. Something hits you but does no damage.
Something hits you but does no damage.
You hit something but do no damage. Something hits you but does no damage.
Something hits you!
Drink which item? (? for menu, Esc to quit)
You feel better. Something hits you!
Drink which item? (? for menu, Esc to quit)
You feel better. Something hits you but does no damage. Something hits you.
Drink which item? (? for menu, Esc to quit)
You feel better. Something hits you. Something hits you but does no damage.
Something hits you!
You die...

There were no monsters in sight!

Vanquished Creatures
  Joseph (D:8)
  Grinder (D:5)
  Sigmund (D:2)
  A hog (D:6)
  Edmund (D:5)
  A phantom (D:4)
  3 black bears
  4 ogres
  4 centaurs
  An elf zombie (Ossuary)
  4 giant frogs
  A scorpion (D:4)
  4 killer bees (D:7)
  3 centaur zombies (Ossuary)
  2 crimson imps
  2 human zombies (Ossuary)
  3 worker ants
  Crazy Yiuf (D:2)
  An orc priest (D:4)
  A giant frog zombie (D:5)
  3 centaur skeletons
  An iguana (D:4)
  An orc wizard (D:6)
  2 mummies (Ossuary)
  7 gnolls
  5 adders
  A shadow imp (D:5)
  3 oozes
  3 adder zombies (Ossuary)
  An adder skeleton (D:7)
  2 worms
  7 orcs
  9 giant cockroaches
  4 hobgoblins
  9 jackals
  4 quokkas
  A ball python (D:3)
  8 bats
  4 giant geckos
  2 giant gecko skeletons (D:4)
  9 giant newts
  7 goblins
  9 hobgoblin zombies (Ossuary)
  A jackal zombie (Ossuary)
  8 kobolds
  8 kobold zombies (Ossuary)
  8 orc zombies (Ossuary)
  7 rats
  A rat zombie (Ossuary)
175 creatures vanquished.

Vanquished Creatures (collateral kills)
  A water moccasin skeleton (D:5)
  A giant frog skeleton (D:5)
2 creatures vanquished.

Vanquished Creatures (others)
  An ogre (D:5)
  A big kobold zombie (Ossuary)
2 creatures vanquished.

Grand Total: 179 creatures vanquished

Action                   |  1- 3 |  4- 6 |  7- 9 || total
-------------------------+-------+-------+-------++-------
Melee: Hand axe          |   100 |    31 |       ||   131
       Quarterstaff      |       |    99 |   342 ||   441
Throw: Javelin           |     3 |    17 |     8 ||    28
       Throwing net      |       |     1 |       ||     1
 Abil: Breathe Dispellin |       |       |     5 ||     5
  Use: Scroll            |       |     6 |     6 ||    12
       Potion            |       |       |     7 ||     7
 Stab: Paralysed         |     1 |     2 |     4 ||     7
       Sleeping          |     1 |     3 |     1 ||     5
       Confused          |     1 |       |       ||     1
       Petrifying        |     1 |       |       ||     1
       Held in net/web   |       |     2 |       ||     2
       Distracted        |       |       |     2 ||     2
       Invisible         |       |       |     3 ||     3
  Eat: Chunk             |       |     7 |     6 ||    13
       Meat ration       |       |       |     2 ||     2

Vault maps used:
D:1:      ncdulo_wetmaze, serial_glass, glass_columns_b, glass_columns_b,
          glass_columns_a, glass_columns_a, glass_columns_a, glass_columns_b,
          glass_columns_a, glass_columns_a, glass_columns_c, glass_columns_b
D:2:      uniq_crazy_yiuf_cottage, uniq_sigmund
D:3:      lemuel_statue_altar
D:4:      led_sif_pool, serial_curves, eino_curves_03, eino_curves_02,
          first_bread, serial_bayou_pond_e
D:5:      serial_shops, nicolae_shop_behind_doors, nicolae_ossuary_entry_plus,
          uniq_edmund, uniq_grinder
D:6:      minmay_temple_entry_statues_fountains, serial_shops,
          nicolae_shop_waterfront
D:8:      uniq_joseph
Ossuary:  ossuary_tomb_1
